[Event "Polofinale MCR junioru 2023"]
[Site "Czech Republic"]
[Date "2023.11.12"]
[Round "2.36"]
[White "Steinbauer, Sebastian"]
[Black "Kocman, Patrik"]
[Result "1-0"]
[TimeControl "90 min per 40 moves + 15 min + 30 sec / move from move 1"]
[WhiteFideId "399272"]
[BlackFideId "23735732"]
[WhiteElo "1869"]
[BlackElo "1478"]

1. e4 e6 2. d4 d5 3. exd5 exd5 4. Bd3 Bd6 5. Nf3 Nf6 6. O-O O-O 7. Bg5 Bg4 8. Nbd2 Nbd7 9. c3 c6 10.
Qc2 Qc7 11. Rfe1 Rfe8 12. Bh4 a6 13. Bg3 Bh5 14. Bxd6 Qxd6 15. Qb3 Qc7 16. a4 Bg6 17. Bxg6 hxg6 18. Qc2 Rxe1+ 19. Rxe1 Re8 20. Rxe8+ Nxe8 21. b4 b5 22. a5 Qf4 23. Qd3 Nd6 24. Qe2 Kf8 25. Ne1 Nc4 26. Nb3 Nd6 27. Nd3 Qe4 28. Qd1 Nb7 29. Qd2 f6 30. f3 Qe7 31. Kf2 Qd6 32. g3 Kf7 33. Nf4 g5 34. Ng2 Nd8 35. Qd3 Ne6 36. Ne3 g6 37. Ng2 Kg7 38. Nd2 f5 39. h4 Nf6 40. hxg5 Nxg5 41. Nf4 Ne6 42. Nxe6+ Qxe6 43. Qe3 Qxe3+ 44.
Kxe3 g5 45. Nb3 Nd7 46. Nc1 Kf6 47. Nd3 Ke6 48. Kf2 Nb8 49. Ne5 Kf6 50. Kg2 Kg7 51. Kh3 Kh6 52. f4 Kh5 53. fxg5 Kxg5 54. Kg2 Kf6 55. Kf3 Kg5 56. Ke3 Kf6 57.
Kf4 Ke6 58. Kg5 1-0

[Event "Polofinale MCR junioru 2023"]
[Site "Czech Republic"]
[Date "2023.11.12"]
[Round "2.37"]
[White "Pelc, Adam"]
[Black "Striz, Tadeas"]
[Result "1-0"]
[TimeControl "90 min per 40 moves + 15 min + 30 sec / move from move 1"]
[WhiteFideId "23723033"]
[BlackFideId "23723530"]
[WhiteElo "1856"]
[BlackElo "1371"]

1. e4 e6 2. d3 d5 3. Nd2 c5 4. Ngf3 Nc6 5. g3 Nf6 6. Bg2 g6 7. O-O Bg7 8. Re1 O-O 9. c3 Qc7 10. Nf1 b6 11. Bf4 Qd7 12. e5 Nh5 13. Bd2 f5 14.
b4 Ba6 15. Qb1 Ne7 16. a4 h6 17. b5 Bb7 18. Qd1 Kh7 19. h3 Qe8 20. Qc1 Qf7 21. a5 Rad8 22. Ra4 Nc8 23. g4 1-0

[Event "Polofinale MCR junioru 2023"]
[Site "Czech Republic"]
[Date "2023.11.12"]
[Round "2.38"]
[White "Sklar, Petr"]
[Black "Roubal, Matyas"]
[Result "0-1"]
[TimeControl "90 min per 40 moves + 15 min + 30 sec / move from move 1"]
[WhiteFideId "23731141"]
[BlackFideId "23727152"]
[WhiteElo "1160"]
[BlackElo "1837"]

1. e4 c5 2. Nf3 Nc6 3. d4 cxd4 4. Nxd4 g6 5. Nc3 Bg7 6. Nxc6 bxc6 7. Bc4 d6 8. O-O e6 9. Bf4 d5 10.
exd5 cxd5 11. Nb5 dxc4 12. Nc7+ Ke7 13. Qxd8+ Kxd8 14. Rad1+ Bd7 15. Nxa8 Kc8 16. Rd6 Ne7 17. Nb6+ axb6 18.
Rxb6 e5 19. Bg3 Nf5 20. c3 Nxg3 21. hxg3 Kc7 22. Rb4 Be6 23. Rd1 Ra8 24. a4 Kc6 25. Ra1 Bf8 26. Rb5 Bc5 27. b4 cxb3 28.
Kf1 Bc4+ 0-1

[Event "Polofinale MCR junioru 2023"]
[Site "Czech Republic"]
[Date "2023.11.12"]
[Round "2.39"]
[White "Bednar, Milos"]
[Black "Brychta, David"]
[Result "1-0"]
[TimeControl "90 min per 40 moves + 15 min + 30 sec / move from move 1"]
[WhiteFideId "23709812"]
[BlackFideId "23742798"]
[WhiteElo "1833"]
[BlackElo "1230"]

1. e4 c5 2. Nf3 e6 3. d4 cxd4 4. Nxd4 a6 5. c4 Qc7 6. Be3 Nf6 7. Bd3 Be7 8. Nc3 Nc6 9. O-O O-O 10.
Rc1 Rd8 11. Qe2 b6 12. a3 Bb7 13. Rfd1 Bc5 14. Nxc6 Qxc6 15. Bxc5 Qxc5 16. e5 Ne8 17. b4 Qc7 18. c5 bxc5 19.
Nb1 d6 20. exd6 Rxd6 21. bxc5 Rd5 22. Be4 Re5 23. c6 Bc8 24. Qc2 Rh5 25. g3 Nf6 26. Qd3 Kf8 27. Bf3 Rf5 28. Nc3 Rb8 29.
Qd8+ Qxd8 30. Rxd8+ Ke7 31. c7 Rb6 1-0

[Event "Polofinale MCR junioru 2023"]
[Site "Czech Republic"]
[Date "2023.11.13"]
[Round "3.1"]
[White "Prazak, Daniel"]
[Black "Jun, Rudolf"]
[Result "0-1"]
[TimeControl "90 min per 40 moves + 15 min + 30 sec / move from move 1"]
[WhiteFideId "23709456"]
[BlackFideId "376612"]
[WhiteElo "2103"]
[BlackElo "2260"]

1. e4 c5 2. Nf3 Nc6 3. d4 cxd4 4. Nxd4 Nf6 5. Nc3 d6 6. Bg5 e6 7. Qd2 a6 8. O-O-O h6 9. Bh4 Nxe4 10.
Qf4 Ng5 11. Nxc6 bxc6 12. Qe3 Be7 13. f4 Nh7 14. Bxe7 Qxe7 15. Qd4 d5 16. Qxg7 Qf6 17. Qg3 Rb8 18. Bd3 Nf8 19. Rhe1 Rb4 20.
Rf1 Nd7 21. a3 Rb8 22. Qf2 h5 23. Rde1 Bb7 24. Qa7 Ke7 25. Na4 Kd6 26. c3 c5 27. Nb6 Nxb6 28. Qxb6+ Bc6 29. Qa5 Rb3 30.
Rf2 Rhb8 31. Re5 h4 32. Bf1 Rxb2 33. Rxb2 Qxf4+ 34. Kc2 Ba4+ 0-1

[Event "Polofinale MCR junioru 2023"]
[Site "Czech Republic"]
[Date "2023.11.13"]
[Round "3.2"]
[White "Hak, David"]
[Black "Davidek, Zdenek"]
[Result "1-0"]
[TimeControl "90 min per 40 moves + 15 min + 30 sec / move from move 1"]
[WhiteFideId "377007"]
[BlackFideId "23725001"]
[WhiteElo "2253"]
[BlackElo "2099"]

1. e4 e5 2. Nf3 Nc6 3. d4 exd4 4. Nxd4 Bc5 5. Nb3 Bb6 6. Nc3 Nf6 7. Bg5 h6 8. Bh4 d6 9. Qe2 O-O 10.
O-O-O Be6 11. Kb1 Re8 12. f3 Ne5 13. g4 Ng6 14. Bg3 Qe7 15. h4 Rad8 16. Qh2 Nh7 17. Be2 Ne5 18. g5 h5 19.
Bxe5 dxe5 20. Qxe5 Rxd1+ 21. Rxd1 Nf8 22. Qg3 a5 23. f4 a4 24. Nxa4 Bxb3 25. axb3 Qxe4 26. Bxh5 Be3 27. Rf1 Qd4 28.
f5 Re5 29. Rd1 Qf4 30. Qxf4 Bxf4 31. Bg4 Bg3 32. h5 g6 33.
hxg6 fxg6 34. fxg6 Rxg5 35. Bf3 b6 36.
Nc3 Nxg6 37. Ne4 Rf5 38. Bg4 Rf4 39. Be6+ Kf8 40. Nxg3 Ke7 41. Bc4 Ne5 42. Re1 Kd6 43. Bd3 Nxd3 44.
cxd3 Rf3 45. Ne4+ Kc6 46. Kc2 Rh3 47. Kc3 Rh2 48. Rf1 Rg2 49. b4 Rh2 50. Rf6+ Kb7 51. b5 Rh5 52. Rf7 Kb8 53.
Kc4 Rh2 54. b3 Rh4 55. Kd5 Kb7 56. Nd6+ Kb8 57. Ne8 Rh5+ 58. Kc4 Rc5+ 59. Kb4 Rd5 60. Nxc7 Rxd3 61. Ne6 Rd6 62. Re7 Kc8 63.
Kc4 Kb8 64. Nd4 Rh6 65. Re6 1-0

[Event "Polofinale MCR junioru 2023"]
[Site "Czech Republic"]
[Date "2023.11.13"]
[Round "3.3"]
[White "Lang, Simon"]
[Black "Seidl, Jan"]
[Result "0-1"]
[TimeControl "90 min per 40 moves + 15 min + 30 sec / move from move 1"]
[WhiteFideId "23712449"]
[BlackFideId "23714522"]
[WhiteElo "2090"]
[BlackElo "2224"]

1. e4 e5 2. Nf3 Nc6 3. Bb5 a6 4. Bxc6 dxc6 5. O-O f6 6. d4 exd4 7. Nxd4 c5 8. Nb3 Qxd1 9. Rxd1 Be6 10.
Bf4 c4 11. Nd4 O-O-O 12. Nc3 Bf7 13. Nf5 Re8 14. Rd2 Ne7 15. Ne3 Ng6 16. Bg3 Bb4 17. f3 Ne5 18. Rad1 h5 19. h3 Rd8 20.
Kf2 Rxd2+ 21. Rxd2 Rd8 22. Rxd8+ Kxd8 23. Bxe5 fxe5 24. Kg3 Bc5 25. Nf1 g5 26. h4 Be7 27. hxg5 Bxg5 28. Ne2 b5 29.
c3 a5 30. f4 exf4+ 31. Nxf4 b4 32. e5 a4 33. Ne2 a3 34. bxa3 b3 35. axb3 cxb3 36. Nf4 b2 37. Nd2 Bd5 38.
a4 h4+ 39. Kg4 Bxf4 40. Kxf4 Bxg2 41. Kg4 Be4 42. Kxh4 b1=Q 43. Nxb1 Bxb1 44. Kg5 Ke7 45. a5 Bd3 46. Kf4 c5 47.
Ke3 Ba6 48. Kf4 Ke6 49. Ke4 Bc4 50. Kf4 Bf1 51. Ke4 Bb5 52. Kf4 Bc4 53. Ke4 Bd5+ 54. Kf4 Bb7 0-1

[Event "Polofinale MCR junioru 2023"]
[Site "Czech Republic"]
[Date "2023.11.13"]
[Round "3.4"]
[White "Vilimek, Vit"]
[Black "Mach, Petr"]
[Result "1-0"]
[TimeControl "90 min per 40 moves + 15 min + 30 sec / move from move 1"]
[WhiteFideId "23718218"]
[BlackFideId "383546"]
[WhiteElo "2163"]
[BlackElo "2084"]

1. e4 e6 2. Nf3 d5 3. e5 c5 4. b4 d4 5. c3 cxb4 6. cxd4 Nc6 7. Bb2 Nge7 8. a3 Nd5 9. Be2 Nf4 10.
O-O Nxe2+ 11. Qxe2 a5 12. Qe4 Qd5 13. Qxd5 exd5 14. axb4 Bxb4 15. Nc3 Be6 16. Nb5 Kd7 17. Ba3 Bg4 18. Bxb4 axb4 19. Rac1 Bxf3 20. gxf3 b6 21.
Rc2 Rac8 22. Rb1 Nxe5 23. Rxc8 Nxf3+ 24. Kg2 Nh4+ 25. Kh3 Rxc8 26. Kxh4 Rc4 27. d3 Rc2 28. Rxb4 Rxf2 29. Kg3 Rc2 30.
Rb3 Kc6 31. Nc3 Rd2 32. Na4 b5 33. Nc5 Ra2 34. Rb1 Kb6 35. h3 f6 36. Ne6 Rd2 37. Nf4 Ka5 38. Ra1+ Kb4 39. Nxd5+ Kb3 40.
Rb1+ Kc2 41. Rxb5 Rxd3+ 42. Kf2 Rxd4 43.
Ne3+ Kc3 44. Rb7 Rd2+ 45. Kf3 Rh2 46. Kg3 Re2 47. Ng2 g5 48. Rxh7 f5 49. Rc7+ Kd4 50. Rd7+ Kc3 51. Rd5 g4 52.
h4 f4 53. Nxf4 1-0

[Event "Polofinale MCR junioru 2023"]
[Site "Czech Republic"]
[Date "2023.11.13"]
[Round "3.5"]
[White "Hurtik, Matej"]
[Black "Jirasko, Miroslav"]
[Result "1/2-1/2"]
[TimeControl "90 min per 40 moves + 15 min + 30 sec / move from move 1"]
[WhiteFideId "397997"]
[BlackFideId "23729414"]
[WhiteElo "2131"]
[BlackElo "2084"]

1. e4 c5 2. Nf3 Nc6 3. d4 cxd4 4. Nxd4 e5 5. Nb5 d6 6. N1c3 a6 7. Na3 Be7 8. Nd5 Nf6 9. Nxf6+ Bxf6 10.
Nc4 O-O 11. Be3 Be6 12. Bb6 Qe7 13. Qxd6 1/2-1/2

[Event "Polofinale MCR junioru 2023"]
[Site "Czech Republic"]
[Date "2023.11.13"]
[Round "3.6"]
[White "Vojta, Jakub"]
[Black "Mametev, Artem"]
[Result "1/2-1/2"]
[TimeControl "90 min per 40 moves + 15 min + 30 sec / move from move 1"]
[WhiteFideId "382515"]
[BlackFideId "23710195"]
[WhiteElo "2267"]
[BlackElo "2024"]

1. c4 Nf6 2. g3 g6 3. Bg2 Bg7 4. Nc3 O-O 5. e4 d6 6. Nge2 c5 7. O-O Nc6 8. d3 Rb8 9. h3 a6 10.
a4 Bd7 11. Be3 Ne8 12. d4 cxd4 13. Nxd4 Nc7 14. a5 Bxd4 15. Bxd4 Nxd4 16. Qxd4 b5 17. axb6 Ne6 18. Qe3 Rxb6 19.
Nd5 Rxb2 20. Rxa6 Nc7 21. Ra7 Nxd5 22. cxd5 Rc2 23. Rb1 Qc8 24. Rbb7 Bxh3 25. Rxe7 Rc1+ 26. Kh2 Bxg2 27. Kxg2 Qc4 28.
Qf3 Qf1+ 29. Kh2 Rc2 30. Rxf7 Rxf2+ 31. Qxf2 Qxf2+ 32. Rxf2 Rxf2+ 33. Kh3 Rf7 1/2-1/2

[Event "Polofinale MCR junioru 2023"]
[Site "Czech Republic"]
[Date "2023.11.13"]
[Round "3.7"]
[White "Soucek, Petr"]
[Black "Rousek, Jan"]
[Result "1-0"]
[TimeControl "90 min per 40 moves + 15 min + 30 sec / move from move 1"]
[WhiteFideId "23715170"]
[BlackFideId "386669"]
[WhiteElo "2227"]
[BlackElo "2006"]

1. e4 c5 2. Nf3 e6 3. c4 Nc6 4. d4 cxd4 5. Nxd4 Nf6 6. Nc3 Bb4 7. Nxc6 bxc6 8. Bd3 e5 9. O-O O-O 10.
Qe2 Qe7 11. Na4 Rd8 12. a3 Bc5 13. Nxc5 Qxc5 14. Be3 Qe7 15. c5 d5 16. cxd6 Qxd6 17. Rfd1 Qe7 18. Rac1 Bb7 19. Bc5 Qe8 20.
Bc4 Nd7 21. Bd6 Nb6 22. Bb3 Nd5 23. Bxd5 cxd5 24. Bc7 Rdc8 25. exd5 Qd7 26. Qxe5 Re8 27. Qg3 Rac8 28. Be5 f5 29.
d6 Rxc1 30. Rxc1 Rc8 31. Bc3 Re8 32. h3 Re6 33. Bxg7 Rg6 34. Qb3+ Re6 35. Be5 1-0

[Event "Polofinale MCR junioru 2023"]
[Site "Czech Republic"]
[Date "2023.11.13"]
[Round "3.8"]
[White "Bokhnak, Timofey"]
[Black "Zezula, Jakub"]
[Result "1-0"]
[TimeControl "90 min per 40 moves + 15 min + 30 sec / move from move 1"]
[WhiteFideId "14172976"]
[BlackFideId "23723203"]
[WhiteElo "2210"]
[BlackElo "2002"]

1. e4 e5 2. Nc3 Nf6 3. d4 exd4 4. Qxd4 Nc6 5. Qd3 Bc5 6. Bf4 O-O 7. O-O-O Bxf2 8. e5 Nh5 9. Bd2 Bxg1 10. Rxg1 Re8 11. Qf3 g6 12.
g4 Nxe5 13. Qg2 Ng7 14. Ne4 Re6 15. Qf2 d5 16. Bg5 Qe8 17. Rxd5 Bd7 18. Rxe5 Rxe5 19. Nf6+ Kh8 20. Nxe8 Raxe8 21. Bf6 Re1+ 22. Kd2 R1e6 23. Bc4 Rd6+ 24. Kc1 1-0

[Event "Polofinale MCR junioru 2023"]
[Site "Czech Republic"]
[Date "2023.11.13"]
[Round "3.9"]
[White "Kubiczek, Michal"]
[Black "Fizer, Marek"]
[Result "0-1"]
[TimeControl "90 min per 40 moves + 15 min + 30 sec / move from move 1"]
[WhiteFideId "23706996"]
[BlackFideId "391980"]
[WhiteElo "2068"]
[BlackElo "2162"]

1. d4 d5 2. c4 dxc4 3. e4 b5 4. a4 c6 5. axb5 cxb5 6. Nc3 Qb6 7. Nd5 Qb7 8. Bf4 e5 9. Bxe5 Nd7 10.
Bf4 Ngf6 11. Nc7+ Kd8 12. Nxa8 Qxe4+ 13. Ne2 Qxa8 14. f3 Nd5 15. Bd2 Bd6 16. Kf2 Qb8 17. g3 h5 18. Bg2 h4 19.
Re1 N7f6 20. Ba5+ Nb6 21. Qd2 Rh6 22. Qe3 Rg6 23. Nf4 hxg3+ 24. hxg3 Rxg3 25. Qe2 Rg5 26. Bd2 Rf5 27. Bh3 Rxf4 28.
Bxf4 Bxh3 29. Bxd6 Qxd6 30. Rxa7 Qxd4+ 31. Qe3 Qxe3+
32. Kxe3 Nfd7 33. Ra5 b4 34.
Rb5 Be6 35. Kd4 b3 36. f4 g6 37. Rg5 Bf5 38. Re2 Kc7 39. Re7 f6 40. Rg1 Kd6 41. Rf7 Na4 42. Rg2 c3 43. Rxd7+ Kxd7 44.
Kc4 cxb2 0-1

[Event "Polofinale MCR junioru 2023"]
[Site "Czech Republic"]
[Date "2023.11.13"]
[Round "3.10"]
[White "Skypala, Ondrej"]
[Black "Vlcek, Vojtech"]
[Result "1-0"]
[TimeControl "90 min per 40 moves + 15 min + 30 sec / move from move 1"]
[WhiteFideId "366285"]
[BlackFideId "23728647"]
[WhiteElo "2159"]
[BlackElo "1703"]

1. c4 e5 2. g3 Nc6 3. Bg2 Bc5 4. Nc3 a6 5. Nf3 d6 6. O-O Nge7 7. e3 Ba7 8. Rb1 O-O 9. b4 Bg4 10.
h3 Bh5 11. d3 f5 12. Qb3 Bf7 13. Ng5 Rb8 14. Nxf7 Rxf7 15. a4 a5 16. bxa5 Nxa5 17. Qc2 Kh8 18. Bd2 Nac6 19. Nd5 Nxd5 20.
Bxd5 Rf8 21. a5 Qd7 22. Qa4 f4 23. Kh2 Qf5 24. Be4 fxg3+ 25. Kxg3 Qg5+ 26. Kh2 Qh4 27. f3 Ne7 28. Qd7 b6 29.
a6 b5 30. Rg1 bxc4 31. Rxb8 Rxb8 32. Rg4 Qf2+ 33. Rg2 Qh4 34. Qxc7 Rb2 35. Qd8+ 1-0

[Event "Polofinale MCR junioru 2023"]
[Site "Czech Republic"]
[Date "2023.11.13"]
[Round "3.11"]
[White "Pecka, Jan"]
[Black "Hlavina, Matous"]
[Result "1-0"]
[TimeControl "90 min per 40 moves + 15 min + 30 sec / move from move 1"]
[WhiteFideId "23712520"]
[BlackFideId "386650"]
[WhiteElo "1999"]
[BlackElo "2134"]

1. e4 c5 2. Nf3 g6 3. c3 d5 4. exd5 Qxd5 5. d4 Bg7 6. Be3 cxd4 7. cxd4 Nf6 8. Nc3 Qd8 9. Bc4 O-O 10.
O-O Nbd7 11. Bb3 Nb6 12. Re1 Nbd5 13. Ne5 Nxe3 14. fxe3 Nd7 15. Nd3 e6 16. Ne4 Nf6 17. Nxf6+ Qxf6 18.
Rc1 Qg5 19. Rc7 Bf6 20. Qf3 Bd8 21. Rc5 Qf6 22. Rec1 Qxf3 23. gxf3 Be7 24. R5c2 Kg7 25. Kf2 Bd6 26. f4 f6 27.
Nc5 Kf7 28. Ne4 Be7 29. Rc7 Rd8 30. h4 h5 31. f5 gxf5 32. Ng3 Bd7 33. Nxf5 Rab8 34. Rg1 Bf8 35. Ng3 Bd6 36. Rcc1 Bxg3+ 37. Rxg3 Ke7 38. Rc5 Rh8 39. Bd1 b6 40. Rc7 Kd6 41. Rxa7 Ra8 42. Rxa8 Rxa8 43. a3 Rc8 44. Rg6 Rc1 45.
Ke2 Rb1 46. b3 Rb2+ 47. Kd3 Rh2 48. Rxf6 Rxh4 49. Rh6 Rh1 50. Bf3 Rh3 51. Be4 Bb5+ 52. Kd2 Rh2+ 53. Kc3 Bd7 54. a4 h4 55.
Bd3 Rh3 56. e4 Ke7 57. Kc4 Kd8 58. d5 exd5+ 59. exd5 b5+ 60. axb5 Bxb5+ 61. Kxb5 Rxd3 62. Kc4 Rh3 63. Rh7 Rh1 64.
Kc5 h3 65. Kb6 h2 66. b4 Rd1 67. Rxh2 Rxd5 68. Kc6 Rd1 69. Rh8+ Ke7 70. b5 Rc1+ 71. Kb7 Kd7 72. b6 Rb1 73.
Rh6 Rc1 74. Rh7 Kd8 75. Rh8+ Kd7 76. Kb8 Rc2 77. b7 Rc1 78. Rc8 Rb1 79. Rc2 Ra1 80. Rd2+ Ke7 81. Rd4 Ke6 82. Kc7 Rc1+ 83.
Kb6 Rb1+ 84. Kc6 Ke7 85. Rd5 1-0

[Event "Polofinale MCR junioru 2023"]
[Site "Czech Republic"]
[Date "2023.11.13"]
[Round "3.12"]
[White "Pavlis, Matej"]
[Black "Lihotsky, Lukas"]
[Result "1/2-1/2"]
[TimeControl "90 min per 40 moves + 15 min + 30 sec / move from move 1"]
[WhiteFideId "23735767"]
[BlackFideId "23727004"]
[WhiteElo "1974"]
[BlackElo "2100"]

1. Nf3 d5 2. g3 Nd7 3. d4 Nb6 4. Bg2 Bf5 5. Nbd2 e6 6. b3 Be7 7. Bb2 Nf6 8. O-O O-O 9. Rc1 Re8 10.
c4 c6 11. Ne5 Nbd7 12. Nxd7 Nxd7 13. e4 dxe4 14. Nxe4 Nf6 15. Nc3 Rc8 16. Re1 Bf8 17. h3 h6 18. Qd2 Qd7 19. Rcd1 Red8 20.
Qe3 Qc7 21. Qf3 Bg6 22. Rd2 Rd7 23. Red1 Rcd8 24. Qe2 Bh5 25. g4 Bg6 26. d5 exd5 27. cxd5 Nxd5 28. Nxd5 cxd5 29. Rxd5 Rxd5 30.
Rxd5 Rxd5 31. Bxd5 b6 32. Kg2 Qc5 33. Qe5 Qc2 34. h4 Qd1 35. Bf3 Qd6 36. Bd5 Bb1 37. a4 Qg6 38. Qf4 Bd6 39.
Qf3 h5 40. g5 Bf5 41. Qe3 Kh7 42. Be5 Bc5 43. Bd4 Qd6 44. Qe5 Qxe5 45. Bxe5 Kg6 46. Kf3 f6 47. gxf6 gxf6 48. Bg3 Bg4+ 49.
Ke4 Bf5+ 50. Kf3 Bg4+ 51. Ke4 Bf5+ 52. Kf4 Bd6+ 53. Ke3 Bc5+ 54. Kf4 Bd6+ 55. Kf3 Bg4+ 56. Ke3 Bc5+ 57. Kd3 Bd7 58.
Kc4 a5 59. f3 f5 60. Be1 Be3 61. Bb7 Be6+ 62. Bd5 Bd7 63. Kd3 Bc5 64. Bd2 Be7 65. Be1 Bc5 66. Kc4 1/2-1/2

[Event "Polofinale MCR junioru 2023"]
[Site "Czech Republic"]
[Date "2023.11.13"]
[Round "3.13"]
[White "Trojan, Matyas"]
[Black "Ocelak, Jakub"]
[Result "0-1"]
[TimeControl "90 min per 40 moves + 15 min + 30 sec / move from move 1"]
[WhiteFideId "23710764"]
[BlackFideId "23707933"]
[WhiteElo "1957"]
[BlackElo "2238"]

1. e4 e5 2. Nf3 Nc6 3. Bc4 Nf6 4. d3 h6 5. c3 d6 6. h3 g6 7. Nbd2 Bg7 8. a4 O-O 9. Nf1 d5 10.
exd5 Nxd5 11. Ng3 Nf4 12. Bxf4 exf4 13. Ne2 Qf6 14. Qd2 g5 15. d4 Bf5 16. Bd3 Rae8 17. b4 Qg6 18. Bxf5 Qxf5 19.
O-O h5 20. Nh2 Bh6 21. Rae1 Ne7 22. Qd1 Nd5 23. g4 hxg4 24. Nxg4 Bg7 25. Qb3 Nf6 26. f3 Re6 27. Kf2 Qh7 28.
Nxf6+ Bxf6 29. Rg1 Rfe8 30. Qc4 Qxh3 31. d5 Qh2+ 32. Rg2 Qh4+ 33. Kf1 Re3 34. Rd1 Qh1+ 35. Ng1 Rxf3+ 36. Rf2 Rg3 0-1

[Event "Polofinale MCR junioru 2023"]
[Site "Czech Republic"]
[Date "2023.11.13"]
[Round "3.14"]
[White "Babula, Matej"]
[Black "Winter, Ondrej"]
[Result "0-1"]
[TimeControl "90 min per 40 moves + 15 min + 30 sec / move from move 1"]
[WhiteFideId "398322"]
[BlackFideId "23702192"]
[WhiteElo "1899"]
[BlackElo "2163"]

1. e4 d6 2. d4 Nf6 3. Nc3 g6 4. Be3 c6 5. h3 Bg7 6. f4 O-O 7. Nf3 Nbd7 8. Bd3 Qc7 9. O-O e5 10.
a4 a5 11. Qd2 Nh5 12. Ne2 Re8 13. g4 exf4 14. Bxf4 Nxf4 15. Qxf4 Nf8 16. Ng5 Re7 17. Bc4 Ne6 18. Nxe6 Bxe6 19.
Bxe6 Rxe6 20. c3 Rae8 21. Ng3 c5 22. dxc5 Be5 23. Qf2 dxc5 24. Kg2 Bxg3 25. Qxg3 Qxg3+ 26. Kxg3 Rxe4 27. Rad1 R8e7 28.
Rd5 b6 29. Rd6 R4e6 30. Rf6 Kg7 31. g5 Rxd6 32. Rxd6 Re6 33. Rd7 Re2 34. b4 Re3+ 35. Kg2 cxb4 36. cxb4 axb4 37. Rd4 Rb3 38.
Rd6 Ra3 39. Rxb6 Rxa4 40. h4 h6 41. Kg3 Ra3+ 42. Kf4 Rh3 43. Kg4 Rb3 44. gxh6+ Kxh6 45. h5 Rb1 46. hxg6 fxg6 47. Rb5 b3 48.
Kg3 Kg7 49. Rb6 Kf7 50. Kg2 Kg7 51. Kf2 Kh6 52. Rb5 g5 53. Kg2 Kh5 54. Rb4 Kg6 55. Rb5 Kf6 56. Kf2 Kg6 57. Kg2 Kh5 58.
Rb4 Kg6 59. Rb5 Kf6 60. Kf2 g4 61. Rb4 Kf5 62. Kg2 Kg5 63. Kf2 Kh4 0-1

[Event "Polofinale MCR junioru 2023"]
[Site "Czech Republic"]
[Date "2023.11.13"]
[Round "3.15"]
[White "Vylicil, Adam"]
[Black "Janous, Marek"]
[Result "1/2-1/2"]
[TimeControl "90 min per 40 moves + 15 min + 30 sec / move from move 1"]
[WhiteFideId "23717556"]
[BlackFideId "23709650"]
[WhiteElo "1896"]
[BlackElo "2098"]

1. d4 d5 2. c4 e6 3. Nf3 Nf6 4. Nc3 dxc4 5. e3 a6 6. a4 c5 7. Bxc4 Nc6 8.
O-O Be7 9. Qe2 cxd4 10. Rd1 d3 11. Bxd3 Qc7 12. Nd4 Ne5 13. Bc2 Neg4 14. g3 h5 15. h3 Nh6 16. e4 e5 17. Nf5 Nxf5 18. exf5 Bd7 19. Re1 O-O-O 20. Be3 Bc6 21. a5 Nd7 22. Rec1 Kb8 23. Be4 Nc5 24. Bxc5 Bxc5 25. Bxc6 bxc6 26. Ne4 Bd4 27. Qxa6 Rc8 28.
Rc4 Qa7 29. Qxa7+ Kxa7 30. Rac1 Bxb2 31. R1c2 Ba3 32. Rxc6 Rxc6 33. Rxc6 Kb7 34. Rb6+ Kc7 35. Rb3 Be7 36. a6 Rb8 37.
Rc3+ Kb6 38. Rb3+ Ka7 39. Rd3 Kxa6 40. Rd7 Rb7 41. Rxb7 1/2-1/2

[Event "Polofinale MCR junioru 2023"]
[Site "Czech Republic"]
[Date "2023.11.13"]
[Round "3.16"]
[White "Fizerova, Lucie"]
[Black "Bezdek, Tomas"]
[Result "1/2-1/2"]
[TimeControl "90 min per 40 moves + 15 min + 30 sec / move from move 1"]
[WhiteFideId "385115"]
[BlackFideId "23733551"]
[WhiteElo "1886"]
[BlackElo "2078"]

1. e4 d5 2. exd5 Nf6 3. d4 Nxd5 4. c4 Nb6 5. Nc3 g6 6. h3 Bg7 7. Nf3 O-O 8. Be3 Nc6 9. Rc1 Re8 10.
Be2 e5 11. d5 Ne7 12. O-O Nd7 13. Bd2 Nf5 14. Ne4 b6 15. Bb4 Nf6 16. Bd3 Nxe4 17. Bxe4 Nd6 18. Bb1 e4 19. Nd4 Qg5 20.
f4 Qh6 21. Bxd6 cxd6 22. Nb5 Re7 23. b3 e3 24. Qe2 Bf5 25. Nxd6 Bxb1 26. Rxb1 Rd8 27. Nb5 a6 28. Na3 Re4 29.
Nc2 Rxf4 30. Rxf4 Qxf4 31. Qxe3 Qf5 32. Qf2 Qd3 33. Rf1 f5 34. Nb4 Qc3 35. Nc6 Re8 36. Kh1 Re3 37. Qf4 Bf8 38. Qh4 1/2-1/2

[Event "Polofinale MCR junioru 2023"]
[Site "Czech Republic"]
[Date "2023.11.13"]
[Round "3.17"]
[White "Steinbauer, Sebastian"]
[Black "Bohacek, Jan Andrej"]
[Result "0-1"]
[TimeControl "90 min per 40 moves + 15 min + 30 sec / move from move 1"]
[WhiteFideId "399272"]
[BlackFideId "23727357"]
[WhiteElo "1869"]
[BlackElo "2066"]

1. e4 c6 2. d4 d5 3. e5 c5 4. dxc5 e6 5. Nf3 Bxc5 6. a3 f6 7. b4 Be7 8. Bb2 a5 9. b5 Nd7 10.
c4 Nxe5 11. Nxe5 fxe5 12. cxd5 Nf6 13. Bxe5 Qxd5 14. Qxd5 exd5 15. Bd3 Be6 16. O-O O-O 17. Nd2 Nd7 18. Bd4 Rfe8 19. Nf3 Nc5 20.
Bc2 Bg4 21. Ne5 Be2 22. Rfb1 Ne6 23. Be3 Bf6 24. f4 d4 25. Bd2 Nc5 26. Bb3+ Nxb3 27. Rxb3 Bxe5 28. fxe5 Rxe5 29. a4 Rc5 30.
Re1 d3 31. Rc3 Rxc3 32. Bxc3 Rc8 33. Bxa5 b6 34. Bb4 Rc4 35. Rb1 Rxb4 36. Rxb4 d2 37. Rd4 d1=Q+ 38. Rxd1 Bxd1 39. a5 Bb3 40.
axb6 Bd5 41. Kf2 Kf7 42. g4 Ke6 43. h4 Kd6 44. Ke3 Kc5 45. Kf4 Kxb6 46. h5 Kxb5 47. g5 Bf7 48. h6 gxh6 0-1

[Event "Polofinale MCR junioru 2023"]
[Site "Czech Republic"]
[Date "2023.11.13"]
[Round "3.18"]
[White "Mrazek, Roman"]
[Black "Hozda, Max"]
[Result "1/2-1/2"]
[TimeControl "90 min per 40 moves + 15 min + 30 sec / move from move 1"]
[WhiteFideId "23707062"]
[BlackFideId "23725958"]
[WhiteElo "1866"]
[BlackElo "2045"]

1. e4 Nf6 2. e5 Nd5 3. d4 d6 4. c4 Nb6 5. f4 Bf5 6. Nc3 e6 7. Be3 dxe5 8. fxe5 Nc6 9. Nf3 Be7 10.
Be2 O-O 11. O-O f6 12. exf6 Bxf6 13. Qd2 Qe7 14. Rad1 Rad8 15. Kh1 Kh8 16. Qc1 Rd7 17. d5 Na5 18. b3 Re8 19. Nd4 c6 20.
Nxf5 exf5 21. Bxb6 axb6 1/2-1/2

[Event "Polofinale MCR junioru 2023"]
[Site "Czech Republic"]
[Date "2023.11.13"]
[Round "3.19"]
[White "Jasso, Matej"]
[Black "Pelc, Adam"]
[Result "1/2-1/2"]
[TimeControl "90 min per 40 moves + 15 min + 30 sec / move from move 1"]
[WhiteFideId "23710748"]
[BlackFideId "23723033"]
[WhiteElo "2033"]
[BlackElo "1856"]

1. e4 c6 2. d4 d5 3. exd5 cxd5 4. Bd3 Nc6 5. c3 Nf6 6. h3 e6 7. Bf4 Bd6 8. Bxd6 Qxd6 9. Nf3 O-O 10.
O-O Ne4 11. b4 a6 12. Bxe4 dxe4 13. Nfd2 Qd5 14. Qe2 f5 15. Nc4 Qd8 16. a4 Qc7 17. Nbd2 Ne7 18. Rfc1 Ng6 19. a5 Bd7 20.
Nb6 Rad8 21. Nxd7 Rxd7 22. g3 e5 23. Nb3 1/2-1/2

[Event "Polofinale MCR junioru 2023"]
[Site "Czech Republic"]
[Date "2023.11.13"]
[Round "3.20"]
[White "Tillman, Stanislav"]
[Black "Bednar, Milos"]
[Result "1-0"]
[TimeControl "90 min per 40 moves + 15 min + 30 sec / move from move 1"]
[WhiteFideId "23714247"]
[BlackFideId "23709812"]
[WhiteElo "2021"]
[BlackElo "1833"]

1. e4 e5 2. Nf3 Nc6 3. Bc4 Bc5 4. c3 Nf6 5. d3 O-O 6. O-O d5 7. exd5 Nxd5 8. Bg5 Qd6 9. Nbd2 Nf6 10.
Bxf6 Qxf6 11. Ne4 Qe7 12. Nxc5 Qxc5 13. Qe2 a5 14. Rfe1 b5 15. Bb3 a4 16. Bc2 a3 17. Nxe5 axb2 18.
Rab1 Re8 19. d4 Qxc3 20. Bxh7+ Kh8 21. Nxf7+ 1-0